TOP OF THE 1ST |
London Majors batting - Pitching for Canton Indians : RHP Nesty Pulido
|
Pitching: RHP Nesty Pulido
|
|
Batting: RHB Stephen Casteel
|
0-0: Ball 1-0: Foul Ball, location: 2F 1-1: Ball 2-1: Ball 3-1: Called Strike 3-2: Ground out 4-3 (Groundball, 4, EV 102.5 MPH)
|
Batting: RHB Dustin Bargman
|
0-0: Called Strike 0-1: Ball 1-1: Ball 2-1: Ball 3-1: Swinging Strike 3-2: Strikes out swinging
|
Batting: RHB Bill Murray
|
0-0: Ball 1-0: TRIPLE (Line Drive, 78XD, EV 105.6 MPH)
|
Batting: RHB Luis Gomez
|
0-0: Ball 1-0: Foul Ball, location: 2F 1-1: Called Strike 1-2: Ball 2-2: Foul Ball, location: 2F 2-2: 2-RUN HOME RUN (Line Drive, 78XD, EV 108.1 MPH), Distance : 428 ft
|
Batting: SHB Dominik Hasek II
|
0-0: Foul Ball, location: 2F 0-1: Swinging Strike 0-2: Strikes out looking
|
Top of the 1st over - 2 runs, 2 hits, 0 errors, 0 left on base; London 2 - Canton 0 |
BOTTOM OF THE 1ST |
Canton Indians batting - Pitching for London Majors : LHP John Roe
|
Pitching: LHP John Roe
|
|
Batting: RHB John Bianconi
|
0-0: Called Strike 0-1: Ball 1-1: Foul Ball, location: 2F 1-2: Ball 2-2: Ball 3-2: Strikes out swinging
|
Batting: RHB Jason Roberts
|
0-0: Called Strike 0-1: Ball 1-1: Called Strike 1-2: Ball 2-2: Strikes out swinging
|
Batting: RHB Eric Kuck
|
0-0: Called Strike 0-1: Ball 1-1: Ball 2-1: Reached via error on a dropped throw from 3B, E3 (Groundball, 56S, EV 86.2 MPH)
|
Batting: LHB Dave Key
|
0-0: SINGLE (Groundball, 6MD, EV 109.4 MPH) Eric Kuck to second
|
Batting: LHB Shane Montalvo
|
0-0: SINGLE (Line Drive, 56D, EV 100.6 MPH) Eric Kuck to third Dave Key to second Runner from 3rd tries for Home, SAFE, throw by LF to home
|
Batting: LHB Rich Walker
|
0-0: Ball 1-0: Foul Ball, location: 2F 1-1: Ball 2-1: Foul Ball, location: 2F 2-2: Strikes out swinging
|
Bottom of the 1st over - 1 run, 2 hits, 1 error, 2 left on base; London 2 - Canton 1 |
TOP OF THE 2ND |
London Majors batting - Pitching for Canton Indians : RHP Nesty Pulido
|
Batting: RHB Shunsuke Shiba Inu
|
0-0: Called Strike 0-1: Called Strike 0-2: Ball 1-2: Foul Ball, location: 2F 1-2: Fly out, F7 (Flyball, 7LS, EV 88.1 MPH)
|
Batting: LHB Eric Toney
|
0-0: Ball 1-0: Ball 2-0: Called Strike 2-1: Foul Ball, location: 2F 2-2: Strikes out looking
|
Batting: RHB Terry Plumley
|
0-0: Called Strike 0-1: Swinging Strike 0-2: Foul Ball, location: 2F 0-2: Ball 1-2: Foul Ball, location: 2F 1-2: Strikes out looking
|
Top of the 2nd over - 0 runs, 0 hits, 0 errors, 0 left on base; London 2 - Canton 1 |
BOTTOM OF THE 2ND |
Canton Indians batting - Pitching for London Majors : LHP John Roe
|
Batting: SHB Javon Mitchell
|
0-0: Called Strike 0-1: Foul Ball, location: 2F 0-2: Ground out 2-3 (Groundball, 15S, EV 70.6 MPH)
|
Batting: RHB Aaron Stout
|
0-0: Called Strike 0-1: Ball 1-1: Foul Ball, location: 2F 1-2: Foul Ball, location: 2F 1-2: Ball 2-2: Foul Ball, location: 2F 2-2: Ball 3-2: Strikes out looking
|
Batting: RHB Ighlas Mwara
|
0-0: Swinging Strike 0-1: Called Strike 0-2: Foul Ball, location: 2F 0-2: Ball 1-2: Foul Ball, location: 2F 1-2: Strikes out swinging
|
Bottom of the 2nd over - 0 runs, 0 hits, 0 errors, 0 left on base; London 2 - Canton 1 |
TOP OF THE 3RD |
London Majors batting - Pitching for Canton Indians : RHP Nesty Pulido
|
Batting: RHB Mikey Sano
|
0-0: Swinging Strike 0-1: Swinging Strike 0-2: Foul Ball, location: 2F 0-2: Strikes out swinging
|
Batting: RHB Stephen Casteel
|
0-0: Fly out, F3 (Popup, 3SF, EV 68.1 MPH)
|
Batting: RHB Dustin Bargman
|
0-0: Foul Ball, location: 2F 0-1: Ball 1-1: Called Strike 1-2: Strikes out swinging
|
Top of the 3rd over - 0 runs, 0 hits, 0 errors, 0 left on base; London 2 - Canton 1 |
BOTTOM OF THE 3RD |
Canton Indians batting - Pitching for London Majors : LHP John Roe
|
Batting: RHB John Bianconi
|
0-0: Called Strike 0-1: SINGLE (Line Drive, 4MD, EV 103.8 MPH)
|
Batting: RHB Jason Roberts
|
0-0: Ground out 5-3 (Groundball, 5L, EV 85.0 MPH) John Bianconi to second
|
Batting: RHB Eric Kuck
|
0-0: Ball 1-0: Ball 2-0: SINGLE (Line Drive, 6D, EV 106.2 MPH) John Bianconi to third
|
Batting: LHB Dave Key
|
0-0: Ball 1-0: Ball 2-0: Swinging Strike 2-1: Called Strike 2-2: Strikes out swinging
|
Batting: LHB Shane Montalvo
|
0-0: Called Strike 0-1: Ball 1-1: Called Strike 1-2: Foul Ball, location: 2F 1-2: Foul Ball, location: 2F 1-2: SINGLE (Groundball, 34D, EV 108.1 MPH) John Bianconi scores Eric Kuck to second Runner from 2nd tries for 3rd, SAFE, throw by RF made to third
|
Batting: LHB Rich Walker
|
0-0: Foul Ball, location: 2F 0-1: Ball 1-1: DOUBLE (Line Drive, 5D, EV 98.1 MPH) Eric Kuck scores Shane Montalvo to third Runner from 3rd tries for Home, SAFE, no throw by LF
|
Batting: SHB Javon Mitchell
|
0-0: Called Strike 0-1: Foul Ball, location: 2F 0-2: Ball 1-2: Ball 2-2: Strikes out swinging, 2-3 out at first.
|
Bottom of the 3rd over - 3 runs, 4 hits, 0 errors, 1 left on base; London 2 - Canton 4 |
TOP OF THE 4TH |
London Majors batting - Pitching for Canton Indians : RHP Nesty Pulido
|
Batting: RHB Bill Murray
|
0-0: Called Strike 0-1: Swinging Strike 0-2: Fly out, F7 (Flyball, 7, EV 95.6 MPH)
|
Batting: RHB Luis Gomez
|
0-0: Ball 1-0: TRIPLE (Flyball, 9LD, EV 100.6 MPH)
|
Batting: SHB Dominik Hasek II
|
0-0: Called Strike 0-1: Ground out 5-3 (Groundball, 56D, EV 101.9 MPH) Luis Gomez scores
|
Batting: RHB Shunsuke Shiba Inu
|
0-0: Ball 1-0: Foul Ball, location: 2F 1-1: Ball 2-1: Called Strike 2-2: Ground out 4-3 (Groundball, 4, EV 84.4 MPH)
|
Top of the 4th over - 1 run, 1 hit, 0 errors, 0 left on base; London 3 - Canton 4 |
BOTTOM OF THE 4TH |
Canton Indians batting - Pitching for London Majors : LHP John Roe
|
Batting: RHB Aaron Stout
|
0-0: Ball 1-0: Called Strike 1-1: Ball 2-1: Ball 3-1: Base on Balls
|
Batting: RHB Ighlas Mwara
|
0-0: Ball 1-0: Fly out, F7 (Line Drive, 78M, EV 95.6 MPH)
|
Batting: RHB John Bianconi
|
0-0: Called Strike 0-1: Ball 1-1: SINGLE (Groundball, 6MD, EV 96.9 MPH) Aaron Stout to second Aaron Stout to third
|
Batting: RHB Jason Roberts
|
0-0: Ball 1-0: Foul Ball, location: 2F 1-1: Fly out, F7 (Flyball, 78S, EV 81.9 MPH)
|
Batting: RHB Eric Kuck
|
0-0: Foul Ball, location: 2F 0-1: Foul Ball, location: 2F 0-2: Ball 1-2: Hit by Pitch John Bianconi to second
|
Batting: LHB Dave Key
|
0-0: Ball 1-0: Called Strike 1-1: Swinging Strike 1-2: Ball 2-2: Strikes out swinging
|
Bottom of the 4th over - 0 runs, 1 hit, 0 errors, 3 left on base; London 3 - Canton 4 |
TOP OF THE 5TH |
London Majors batting - Pitching for Canton Indians : RHP Nesty Pulido
|
Batting: LHB Eric Toney
|
0-0: Ball 1-0: Ball 2-0: Swinging Strike 2-1: Foul Ball, location: 2F 2-2: Foul Ball, location: 2F 2-2: Ball 3-2: Foul Ball, location: 2F 3-2: Foul Ball, location: 2F 3-2: Foul Ball, location: 2F 3-2: Strikes out swinging
|
Batting: RHB Terry Plumley
|
0-0: Ball 1-0: Swinging Strike 1-1: Ball 2-1: Foul Ball, location: 2F 2-2: Foul Ball, location: 2F 2-2: Foul Ball, location: 2F 2-2: Foul Ball, location: 2F 2-2: Foul Ball, location: 2F 2-2: Fly out, F9 (Flyball, 89D, EV 102.5 MPH)
|
Batting: RHB Mikey Sano
|
0-0: Called Strike 0-1: Foul Ball, location: 2F 0-2: Foul Ball, location: 2F 0-2: Strikes out swinging
|
Top of the 5th over - 0 runs, 0 hits, 0 errors, 0 left on base; London 3 - Canton 4 |
BOTTOM OF THE 5TH |
Canton Indians batting - Pitching for London Majors : LHP John Roe
|
Batting: LHB Shane Montalvo
|
0-0: Called Strike 0-1: Ball 1-1: Foul Ball, location: 2F 1-2: Strikes out swinging
|
Batting: LHB Rich Walker
|
0-0: Ball 1-0: Ball 2-0: Called Strike 2-1: Foul Ball, location: 2F 2-2: Strikes out swinging
|
Batting: SHB Javon Mitchell
|
0-0: Ball 1-0: Called Strike 1-1: SINGLE (Groundball, 34D, EV 104.4 MPH)
|
Batting: RHB Aaron Stout
|
0-0: Ball 1-0: Called Strike 1-1: Called Strike 1-2: Ball 2-2: Ground out 1-3 (Groundball, 13S, EV 68.1 MPH)
|
Bottom of the 5th over - 0 runs, 1 hit, 0 errors, 1 left on base; London 3 - Canton 4 |
TOP OF THE 6TH |
London Majors batting - Pitching for Canton Indians : RHP Nesty Pulido
|
Batting: RHB Stephen Casteel
|
0-0: Ball 1-0: Ball 2-0: Fly out, F7 (Line Drive, 7D, EV 91.9 MPH)
|
Batting: RHB Dustin Bargman
|
0-0: Ball 1-0: Ball 2-0: Called Strike 2-1: Ground out 4-3 (Groundball, 4, EV 90.6 MPH)
|
Batting: RHB Bill Murray
|
0-0: Called Strike 0-1: Foul Ball, location: 2F 0-2: Ball 1-2: Strikes out swinging
|
Top of the 6th over - 0 runs, 0 hits, 0 errors, 0 left on base; London 3 - Canton 4 |
BOTTOM OF THE 6TH |
Canton Indians batting - Pitching for London Majors : LHP John Roe
|
Batting: RHB Ighlas Mwara
|
0-0: Foul Ball, location: 2F 0-1: SINGLE (Line Drive, 78M, EV 88.1 MPH)
|
Batting: RHB John Bianconi
|
0-0: Ball 1-0: Called Strike 1-1: Ball 2-1: Called Strike 2-2: SINGLE (Groundball, 34D, EV 107.5 MPH) Ighlas Mwara to second Runner from 2nd tries for 3rd, SAFE, throw by RF made to third
|
Batting: RHB Jason Roberts
|
0-0: Ball 1-0: Swinging Strike 1-1: Ball 2-1: Ground out 6-3 (Groundball, 4MS, EV 68.1 MPH) Ighlas Mwara scores John Bianconi to second
|
Batting: RHB Eric Kuck
|
0-0: Ball 1-0: Ball 2-0: Foul Ball, location: 2F 2-1: Ball 3-1: Called Strike 3-2: Foul Ball, location: 2F 3-2: Strikes out swinging
|
Pitching: LHP William Capuano
|
|
Batting: LHB Dave Key
|
0-0: Called Strike 0-1: Ball 1-1: Fly out, F8 (Flyball, 78D, EV 96.2 MPH)
|
Bottom of the 6th over - 1 run, 2 hits, 0 errors, 1 left on base; London 3 - Canton 5 |
TOP OF THE 7TH |
London Majors batting - Pitching for Canton Indians : RHP Nesty Pulido
|
Batting: RHB Luis Gomez
|
0-0: Ball 1-0: Swinging Strike 1-1: Fly out, F4 (Popup, 34S, EV 83.8 MPH)
|
Batting: SHB Dominik Hasek II
|
0-0: Ball 1-0: Called Strike 1-1: Ball 2-1: Ball 3-1: Fly out, F8 (Line Drive, 8LM, EV 96.9 MPH)
|
Batting: RHB Shunsuke Shiba Inu
|
0-0: Fly out, F8 (Flyball, 8RXD, EV 93.8 MPH)
|
Top of the 7th over - 0 runs, 0 hits, 0 errors, 0 left on base; London 3 - Canton 5 |
BOTTOM OF THE 7TH |
Canton Indians batting - Pitching for London Majors : LHP William Capuano
|
Batting: LHB Shane Montalvo
|
0-0: Called Strike 0-1: Ball 1-1: Called Strike 1-2: Fly out, F6 (Line Drive, 6, EV 69.4 MPH)
|
Batting: LHB Rich Walker
|
0-0: Foul Ball, location: 2F 0-1: Called Strike 0-2: Strikes out swinging
|
Batting: SHB Javon Mitchell
|
0-0: Called Strike 0-1: Ball 1-1: Swinging Strike 1-2: Fly out, F8 (Flyball, 89M, EV 91.9 MPH)
|
Bottom of the 7th over - 0 runs, 0 hits, 0 errors, 0 left on base; London 3 - Canton 5 |
TOP OF THE 8TH |
London Majors batting - Pitching for Canton Indians : RHP Nesty Pulido
|
Batting: LHB Eric Toney
|
0-0: Ball 1-0: Ball 2-0: Called Strike 2-1: Foul Ball, location: 2F 2-2: Foul Ball, location: 2F 2-2: Fly out, F8 (Flyball, 8LM, EV 84.4 MPH)
|
Pitching: LHP Alec Valencia
|
|
Batting: RHB Terry Plumley
|
0-0: Ball 1-0: Called Strike 1-1: Foul Ball, location: 2F 1-2: SINGLE (Groundball, 56D, EV 104.4 MPH)
|
Pinch Runner at 1st Pete Duncan:
|
|
Batting: RHB Mikey Sano
|
0-0: Ball 1-0: Called Strike 1-1: Grounds into double play, 6-4-3 (Groundball, 6S, EV 81.9 MPH)
|
Top of the 8th over - 0 runs, 1 hit, 0 errors, 0 left on base; London 3 - Canton 5 |
BOTTOM OF THE 8TH |
Canton Indians batting - Pitching for London Majors : LHP William Capuano
|
Now at 1B: Bobby Roldan
|
|
Batting: RHB Aaron Stout
|
0-0: Ball 1-0: Ball 2-0: Called Strike 2-1: Ball 3-1: Called Strike 3-2: Strikes out looking
|
Batting: RHB Ighlas Mwara
|
0-0: Ball 1-0: Fly out, F8 (Line Drive, 8LM, EV 89.4 MPH)
|
Batting: RHB John Bianconi
|
0-0: Ball 1-0: Called Strike 1-1: Fly out, F9 (Flyball, 9LS, EV 77.5 MPH)
|
Bottom of the 8th over - 0 runs, 0 hits, 0 errors, 0 left on base; London 3 - Canton 5 |
TOP OF THE 9TH |
London Majors batting - Pitching for Canton Indians : LHP Alec Valencia
|
Batting: RHB Stephen Casteel
|
0-0: Ball 1-0: Ball 2-0: Foul Ball, location: 2F 2-1: Ground out 3-1 (Groundball, 13, EV 92.5 MPH)
|
Batting: RHB Dustin Bargman
|
0-0: Ball 1-0: Called Strike 1-1: Foul Ball, location: 2F 1-2: Foul Ball, location: 2F 1-2: Ground out 6-3 (Groundball, 6M, EV 93.8 MPH)
|
Batting: RHB Bill Murray
|
0-0: Called Strike 0-1: Ball 1-1: Ball 2-1: Fly out, F3 (Popup, 3S, EV 73.8 MPH)
|
Top of the 9th over - 0 runs, 0 hits, 0 errors, 0 left on base; London 3 - Canton 5 |
|